 Dungeon Crawl Stone Soup version 0.22.1-1-ga44c0e56f4 (webtiles) character file.

30 LLavrengius the Caller (level 3, -1/20 HPs)
             Began as a Deep Elf Summoner on Sept 27, 2018.
             Was an Initiate of Ashenzari.
             Killed from afar by Sigmund (5 damage)
             ... with a magic dart
             ... on level 2 of the Dungeon.
             The game lasted 00:10:56 (2091 turns).

LLavrengius the Caller (Deep Elf Summoner)          Turns: 2091, Time: 00:10:56

Health: -1/20      AC:  3    Str:  5    XL:     3   Next: 5%
Magic:  6/9        EV: 13    Int: 20    God:    Ashenzari [......]
Gold:   37         SH:  0    Dex: 15    Spells: 5/8 levels left

rFire    . . .     SeeInvis .   k - +0 spear
rCold    . . .     Gourm    .   (no shield)
rNeg     . . .     Faith    .   a - +0 robe
rPois    .         Spirit   .   h - +0 helmet
rElec    .         Reflect  .   (no cloak)
rCorr    .         Harm     .   (no gloves)
MR       .....                  (no boots)
Stlth    ++........             (no amulet)
HPRegen  0.06/turn              n - ring of stealth
MPRegen  0.11/turn              (no ring)

@: confused
A: no striking features
a: Curse Item, Renounce Religion


You were on level 2 of the Dungeon.
You worshipped Ashenzari.
Ashenzari was noncommittal.
You were hungry.

You visited 1 branch of the dungeon, and saw 2 of its levels.

You collected 37 gold pieces.

Inventory:

Hand Weapons
 d - a +0 club
 k - a +0 spear (weapon)
 m - a +2 whip of electrocution
Missiles
 b - 30 stones
 g - 5 tomahawks (quivered)
 s - 12 bolts
Armour
 a - a +0 robe (worn)
 e - a +0 leather armour
 h - a +0 helmet (worn)
 l - a +0 large shield
Jewellery
 n - a ring of stealth (left hand)
Scrolls
 j - a scroll of identify {unknown}
 o - a scroll of enchant armour {unknown}
 r - a scroll of teleportation {unknown}
Potions
 f - 2 potions of lignification {unknown}
 i - a potion of flight {unknown}
 q - a potion of ambrosia {unknown}
Comestibles
 c - 2 rations
 p - 2 chunks of flesh


   Skills:
 + Level 1.1 Fighting
 + Level 3.2 Dodging
 - Level 2.4 Stealth
 - Level 3.0 Spellcasting
 + Level 4.8 Summonings


You had 5 spell levels left.
You knew the following spells:

 Your Spells              Type           Power        Failure   Level  Hunger
a - Summon Small Mammal   Summ           ###.         1%          1    None
b - Call Imp              Summ           ###.....     3%          2    ##.....

Your spell library contained the following spells:

 Spells                   Type           Power        Failure   Level  Hunger
 Call Canine Familiar     Summ           ###.....     6%          3    ###....
 Summon Guardian Golem    Hex/Summ       ##......     16%         3    ###....
 Summon Ice Beast         Ice/Summ       ##......     47%         4    ####...
 Summon Lightning Spire   Summ/Air       ##......     47%         4    ####...


Dungeon Overview and Level Annotations

Branches:
Dungeon (2/15)

Altars:
Ashenzari
Dithmenos
Gozag

Annotations:
D:2 Sigmund


Message History

k - a +0 spear (weapon)
Attack whom?
Press: ? - help, Dir - move target cursor, f - Sigmund
Aim: Sigmund, wielding a scythe and wearing a robe You could not reach far enough!
Your white imp disappears in a puff of smoke!
Your shadow imp hits Sigmund.
Sigmund points at you and mumbles some strange words.
You are confused.
You're too confused to cast spells.
You're too confused!
Unknown command.
You're too confused to move!
Your shadow imp hits Sigmund.
Sigmund hits you from afar with a scythe!
Ouch! That really hurt!
* * * LOW HITPOINT WARNING * * *
Your shadow imp hits Sigmund.
Sigmund gestures at you while chanting. The magic dart hits you!
You die...

....#.#..ยง....#
..#.#.#.#.....# #.#
....#.#.#.....# #.#
..#.#.#.####### #.#
......#.# #.#
#.#..##.## #.#
#........# #.#
##...###.# #####@#
......##.######.@..5#
................#####
.#....##.########
.#.##.##.# .#.......#
......#### ...####
.### .#


You could see Sigmund and a friendly shadow imp.

Vanquished Creatures
  A worm (D:2)
  A dart slug (D:1)
  A giant cockroach (D:1)
  A goblin (D:2)
  3 kobolds
  3 bats
  3 rats
13 creatures vanquished.

Vanquished Creatures (collateral kills)
  An adder (D:2)
  A leopard gecko (D:1)
  2 bats
  2 goblins
  A hobgoblin (D:1)
  2 kobolds
  A frilled lizard (D:2)
  2 rats (D:1)
12 creatures vanquished.

Grand Total: 25 creatures vanquished

Notes
Turn   | Place    | Note
-------+----------+-------------------------------------------
     0 | D:1      | LLavrengius the Deep Elf Summoner began the quest for the
                  | Orb.
     0 | D:1      | Reached XP level 1. HP: 10/10 MP: 6/6
   713 | D:1      | Reached XP level 2. HP: 12/16 MP: 8/8
   717 | D:1      | Learned a level 2 spell: Call Imp
  1741 | D:2      | Reached skill level 1 in Fighting
  1829 | D:2      | Reached XP level 3. HP: 20/20 MP: 9/9
  2016 | D:2      | Found an opulent altar of Gozag.
  2017 | D:2      | Found a shadowy altar of Dithmenos.
  2017 | D:2      | Found a shattered altar of Ashenzari.
  2029 | D:2      | Became a worshipper of Ashenzari the Shackled
  2072 | D:2      | Noticed Sigmund
  2091 | D:2      | Killed from afar by Sigmund

Skill      XL: |  1  2 |
---------------+-------+-----
Dodging        | 3 |  3.2
Fighting       | 1 |  1.1
Stealth        | |  2.4
Spellcasting   | |  3.0
Summonings     | |  4.8

Action                   || total
-------------------------++-------
Melee: Club              ||    82
       Unarmed           ||     3
       Spear             ||    23
       Whip              ||     4
 Cast: Summon Small Mamm ||    17
       Call Imp          ||     5
 Stab: Sleeping          ||     6
  Eat: Ration            ||     1
Armor: Robe              ||    33
Dodge: Dodged            ||    89
